 Dungeon Crawl Stone Soup version 0.25.0-1-g7eea58d (webtiles) character file.

Game seed: 6492900952786354556

42894 Illumine the Geomancer (level 14, -4/88 HPs)
             Began as a Gargoyle Earth Elementalist on June 30, 2020.
             Was a High Priest of Vehumet.
             Engulfed by a frost giant's freezing vapour (12 damage)
             ... in an ice cave.
             The game lasted 00:57:35 (21835 turns).

Illumine the Geomancer (GrEE)                      Turns: 21835, Time: 00:57:35

Health: -4/88      AC: 21    Str: 15    XL:     14   Next: 21%
Magic:  0/26       EV: 12    Int: 21    God:    Vehumet [*****.]
Gold:   610        SH: 15    Dex: 15    Spells: 5/30 levels left

rFire    + . .     SeeInvis .   P - +4 morningstar "Xoextuel" {vorpal, rPois Str+3 Dex+5}
rCold    + . .     Gourm    .   f - +0 kite shield
rNeg     + . .     Faith    .   E - +2 leather armour {rF+}
rPois    ∞         Spirit   .   (no helmet)
rElec    +         Reflect  +   z - +0 cloak
rCorr    .         Harm     .   L - +2 pair of gloves {archery}
MR       +....                  (no boots)
Stlth    ++........             u - amulet of reflection
HPRegen  0.24/turn              W - ring of protection from cold
MPRegen  0.20/turn              I - ring of wizardry

@: flying, studying Transmutations
A: big wings, negative energy resistance 1, electricity resistance, unbreathing,
petrification resistance, rot immunity, AC +10
a: Stop Flying, Renounce Religion


You were in an ice cave.
You worshipped Vehumet.
Vehumet was extremely pleased with you.
You were not hungry.

You visited 3 branches of the dungeon, and saw 19 of its levels.
You also visited: Ice Cave.

You collected 882 gold pieces.
You spent 272 gold pieces at shops.

Inventory:

Hand Weapons
 a - the +5 flail of Context {venom, +Rage}
   (You bought it in a shop on level 8 of the Dungeon)

   It poisons the flesh of those it strikes.
   It lets you go berserk.
 b - a +1 flail of holy wrath
 P - the +4 morningstar "Xoextuel" (weapon) {vorpal, rPois Str+3 Dex+5}
   (You found it on level 2 of the Lair of Beasts)

   It inflicts extra damage upon your enemies.
   It affects your strength (+3).
   It affects your dexterity (+5).
   It protects you from poison.
Missiles
 g - 67 poisoned darts (quivered)
 S - 323 stones
Armour
 f - a +0 kite shield (worn)
 z - a +0 cloak (worn)
 E - a +2 leather armour of fire resistance (worn)
 L - a +2 pair of gloves of archery (worn)
 M - a +1 robe of resistance
 V - a +0 tower shield
Jewellery
 j - a +6 ring of dexterity
 q - an uncursed amulet of magic regeneration
 u - an amulet of reflection (around neck)
 B - a +4 ring of protection
 D - the ring of Xialaxuh {Ice *Drain Dex+4 SInv}
   (You found it on level 1 of the Lair of Beasts)

   [ring of ice]

   It enhances your ice magic.
   It affects your dexterity (+4).
   It makes you vulnerable to fire.
   It protects you from cold.
   It lets you see invisible.
   It causes draining when unequipped.
 I - a ring of wizardry (right hand)
 W - a ring of protection from cold (left hand)
 Z - an uncursed ring of protection from cold
Wands
 o - a wand of iceblast (5)
 x - a wand of random effects (38)
 G - a wand of disintegration (9)
 K - a wand of enslavement (10)
 N - a wand of acid (6)
 R - a wand of polymorph (19)
Scrolls
 c - 2 scrolls of enchant weapon
 e - 3 scrolls of amnesia
 i - 2 scrolls of magic mapping
 k - 5 scrolls of teleportation
 l - 8 scrolls of remove curse
 m - 6 scrolls of fog
 n - 2 scrolls of noise
 s - a scroll of acquirement {unknown}
 t - 2 scrolls of fear
 y - 4 scrolls of immolation
 Q - a scroll of summoning {unknown}
 Y - 2 scrolls of vulnerability {unknown}
Potions
 h - 8 potions of might
 p - a potion of haste
 r - a potion of ambrosia {unknown}
 v - a potion of curing
 w - 4 potions of heal wounds
 A - 3 potions of brilliance
 C - a potion of lignification {unknown}
 F - 5 potions of mutation
 H - a potion of degeneration {unknown}
 O - 2 potions of invisibility {unknown}
 T - 4 potions of stabbing
 U - a potion of resistance {unknown}
Books
 J - a manual of Transmutations
Comestibles
 d - 34 rations


   Skills:
 + Level 10.0 Fighting
 + Level 9.0 Maces & Flails
 + Level 10.2 Armour
 - Level 4.0 Dodging
 - Level 2.1 Stealth
 + Level 7.1 Shields
 * Level 8.9 Spellcasting
 + Level 9.8 Conjurations
 + Level 4.2 Summonings
 - Level 4.0 Transmutations
 + Level 11.7 Earth Magic


You had 5 spell levels left.
You knew the following spells:

 Your Spells              Type           Power        Failure   Level  Hunger
a - Sandblast             Erth           ######       1%          1    None
b - Stone Arrow           Conj/Erth      ######       1%          3    None
c - Lee's Rapid Deconstr  Erth           ######....   1%          5    #####..
d - Iskenderun's Mystic   Conj/Tloc      ####....     3%          4    ###....
e - Spellforged Servitor  Conj/Summ      #####.....   65%         7    #######
f - Irradiate             Conj/Tmut      #####.....   4%          5    #####..

Your spell library contained the following spells:

 Spells                   Type           Power        Failure   Level  Hunger
 Iron Shot                Conj/Erth      ######....   4%          6    ######.
 Passwall                 Tmut/Erth      #####...     1%          2    None
 Petrify                  Tmut/Erth      #####...     3%          4    ###....
 Animate Skeleton         Necr           N/A          10%         1    None
 Pain                     Necr           #...         10%         1    None
 Vampiric Draining        Necr           #.........   26%         3    None
 Ice Form                 Ice/Tmut       ###.....     38%         4    ###....
 Animate Dead             Necr           N/A          65%         4    ###....
 Agony                    Necr           #.......     92%         5    #####..
 Metabolic Englaciation   Hex/Ice        #.........   92%         5    #####..
 Freezing Cloud           Conj/Ice/Air   ###.......   61%         6    ######.
 Ozocubu's Refrigeration  Ice            #.........   94%         6    ######.
 Simulacrum               Ice/Necr       #.........   100%        6    ######.
 Haunt                    Necr/Summ      ###.......   100%        7    #######
 Borgnjor's Revivificati  Necr           #.........   100%        8    #######
 Death's Door             Chrm/Necr      #.........   100%        8    #######
 Infestation              Necr           #.........   100%        8    #######
 Necromutation            Tmut/Necr      ###.......   100%        8    #######


Dungeon Overview and Level Annotations

Branches:
Dungeon (12/15)            Temple (1/1) D:4            Lair (6/6) D:11
 Shoals (0/4) Lair:3        Snake (0/4) Lair:4        Slime (0/5) Lair:6
    Orc (0/2) D:11          IceCv (1/1)

Altars:
Cheibriados
Dithmenos
Elyvilon
Fedhas
Gozag
Hepliaklqana
Kikubaaqudgha
Makhleb
Okawaru
Qazlal
Ru
Sif Muna
Uskayaw
Vehumet
Xom
Zin

Shops:
D:7 %   D:8 (

Annotations:
D:10 2 transporters, Qborf's ghost, journeyman TrWz
D:12 Azrael
Lair:3 1 runed translucent door, Coycam's ghost, journeyman DsFi


Innate Abilities, Weirdness & Mutations

You are resistant to torment.
Your stone body is resilient. (AC +10)
You are immune to poison.
Your large and strong wings let you fly indefinitely.
You resist negative energy. (rN+)
You are resistant to electric shocks. (rElec)
You can survive without breathing.
You are immune to petrification.
You are immune to rotting.


Message History

The blast of sand hits the frost giant but does no damage.
The frost giant is severely wounded.
S - 324 stones You are engulfed in freezing vapours.
You resist.
* * * LOW HITPOINT WARNING * * *
Casting: Sandblast (safe; 1% risk of failure)
Confirm with . or Enter, or press ? or * to list all spells.
Aiming: Sandblast (safe; 1% risk of failure)
Press: ? - help, Shift-Dir - straight line, f/p - frost giant
Aim: a frost giant, wielding a +2 battleaxe of freezing (water, severely wounded)
The blast of sand hits the frost giant!
The frost giant is almost dead.
S - 323 stones The frost giant points at you and mumbles some strange words.
The bolt of cold hits you! You resist.
* * * LOW HITPOINT WARNING * * *
You hit the frost giant but do no damage.
The frost giant is almost dead.
You are engulfed in freezing vapours.
You resist.
You die...

#≈≈# .. #≈≈# .# #≈≈#
.# #≈≈# .## ###≈≈#
..###.h ##≈≈≈≈#
.....C.
####≈≈≈≈≈##h...Yhh
#### ##..####≈≈#h#
####..###..#.###@C≈≈#
#.#..#.#..#...#..≈≈≈#
.#..#....####..#.#≈≈≈#
..######## ###.###≈≈≈#
.## ### #≈≈≈# ## ##≈≈#
# #≈≈# # #### #≈# ##
##..## ≈#


You could see a frost giant and a wolf.

Vanquished Creatures
  Harold (D:8)
  2 hydras
  Erica (D:9)
  2 two-headed ogres
  A necromancer (Lair:4)
  A deep elf mage (D:7)
  A cyclops (D:11)
  12 elephants
  2 manticores
  4 black mambas
  2 gargoyles
  7 spiny frogs
  A kobold demonologist (D:7)
  4 komodo dragons
  7 polar bears
  6 trolls
  13 blink frogs
  8 hippogriffs
  7 dream sheep (Lair:5)
  Sigmund (D:2)
  A redback (Lair:6)
  2 wyverns (Lair:6)
  3 hogs (D:7)
  2 wraiths
  2 hungry ghosts (D:11)
  4 basilisks
  31 yaks
  A steam dragon (D:7)
  A human (D:7)
  Eustachio (D:9)
  Edmund (D:6)
  2 wargs (D:11)
  18 water moccasins
  12 porcupines
  A sky beast (D:10)
  5 ice beasts
  6 orc warriors
  3 black bears
  A phantom (D:5)
  5 ogres
  9 centaurs
  12 wolves
  12 crocodiles
  A big kobold (D:10)
  17 bullfrogs
  A gnoll sergeant (D:8)
  A wyvern zombie (D:9)
  A water moccasin zombie (D:7)
  4 scorpions
  2 wyvern skeletons
  8 wights
  11 killer bees
  10 howler monkeys
  7 electric eels
  2 bullfrog zombies
  4 crimson imps
  2 centaur zombies
  7 hounds
  3 bullfrog skeletons
  A jelly (D:8)
  16 orc wizards
  9 orc priests
  4 iguanas
  4 worker ants
  2 polar bear simulacra (Lair:4)
  3 yak simulacra (Lair:4)
  4 wolf simulacra (Lair:4)
  2 hound zombies
  A hound skeleton (D:7)
  8 gnolls
  17 adders
  4 shadow imps
  An ooze (D:5)
  An adder skeleton (D:7)
  2 adder zombies
  2 worms (D:3)
  5 leopard geckos
  42 orcs
  3 giant cockroaches
  17 goblins
  10 hobgoblins
  6 jackals
  15 kobolds
  5 quokkas
  4 ball pythons
  10 bats
  7 frilled lizards
  A leopard gecko zombie (D:5)
  8 rats
  2 river rat simulacra (Lair:4)
515 creatures vanquished.

Vanquished Creatures (others)
  14 fungi
  18 plants
32 creatures vanquished.

Grand Total: 547 creatures vanquished

Notes
Turn   | Place    | Note
-------+----------+-------------------------------------------
     0 | D:1      | Illumine the Gargoyle Earth Elementalist began the quest
                  | for the Orb.
     0 | D:1      | Reached XP level 1. HP: 10/10 MP: 3/3
    12 | D:1      | Noticed a minotaur skeleton
   333 | D:1      | Reached XP level 2. HP: 15/15 MP: 3/5
   629 | D:1      | Reached skill level 4 in Earth Magic
  1083 | D:2      | Reached XP level 3. HP: 20/20 MP: 6/6
  1213 | D:2      | Noticed Sigmund
  1255 | D:2      | Reached skill level 1 in Fighting
  1263 | D:2      | Learned a level 3 spell: Stone Arrow
  1381 | D:2      | Found a faded altar of an unknown god.
  1530 | D:2      | Reached XP level 4. HP: 25/25 MP: 3/7
  1666 | D:2      | Found a hazy altar of Hepliaklqana.
  2135 | D:2      | Reached skill level 1 in Armour
  2135 | D:2      | Reached skill level 1 in Conjurations
  2336 | D:3      | Reached XP level 5. HP: 30/30 MP: 7/9
  3510 | D:4      | Found a stormy altar of Qazlal.
  3535 | D:4      | Reached XP level 6. HP: 36/36 MP: 10/10
  3545 | D:4      | Found an iron altar of Okawaru.
  3649 | D:4      | Reached skill level 5 in Earth Magic
  3666 | D:4      | Found a staircase to the Ecumenical Temple.
  3686 | Temple   | Entered the Ecumenical Temple
  3726 | Temple   | Became a worshipper of Vehumet
  3985 | D:4      | Reached skill level 1 in Maces & Flails
  3985 | D:4      | Reached XP level 7. HP: 26/40 MP: 7/12
  4578 | D:2      | Killed Sigmund
  5308 | D:5      | Entered Level 5 of the Dungeon
  5476 | D:5      | Reached XP level 8. HP: 42/46 MP: 13/13
  5778 | D:4      | Reached * piety under Vehumet
  5778 | D:4      | Offered knowledge of Magic Dart by Vehumet.
  5830 | D:5      | Reached skill level 6 in Earth Magic
  5910 | D:5      | Found a white marble altar of Elyvilon.
  6305 | D:5      | Noticed an angel
  6306 | D:5      | Found a glowing silver altar of Zin.
  7003 | D:6      | Noticed Edmund
  7016 | D:6      | Killed Edmund
  7016 | D:6      | Reached XP level 9. HP: 52/52 MP: 3/15
  7219 | D:7      | Found Tyappew's Food Emporium.
  7237 | D:7      | Reached ** piety under Vehumet
  7239 | D:7      | Offered knowledge of Shock by Vehumet.
  7254 | D:7      | Reached skill level 5 in Armour
  7330 | D:7      | Reached skill level 7 in Earth Magic
  7470 | D:7      | Reached skill level 5 in Fighting
  7570 | D:7      | Learned a level 5 spell: Lee's Rapid Deconstruction
  7642 | D:7      | Reached skill level 5 in Spellcasting
  7642 | D:7      | Reached skill level 5 in Conjurations
  7665 | D:7      | Noticed a kobold demonologist
  7741 | D:7      | Noticed a deep elf mage
  7747 | D:7      | Noticed a demonic crawler
  7747 | D:7      | Noticed a demonic crawler
  7754 | D:7      | Noticed a jumping spider
  8048 | D:7      | Killed a kobold demonologist
  8084 | D:7      | Found a blossoming altar of Fedhas.
  8126 | D:7      | Reached XP level 10. HP: 52/60 MP: 16/18
  8144 | D:7      | Killed a deep elf mage
  8155 | D:7      | Offered knowledge of Frozen Ramparts by Vehumet.
  8160 | D:7      | Reached skill level 5 in Maces & Flails
  8160 | D:7      | Reached skill level 8 in Earth Magic
  8351 | D:7      | Reached *** piety under Vehumet
  8582 | D:8      | Noticed a two-headed ogre
  8600 | D:8      | Killed a two-headed ogre
  8827 | D:8      | Offered knowledge of Iskenderun's Mystic Blast by Vehumet.
  8833 | D:8      | Learned a level 4 spell: Iskenderun's Mystic Blast
  8889 | D:8      | Found a sacrificial altar of Ru.
  8920 | D:8      | Noticed Harold
  9005 | D:8      | Killed Harold
  9005 | D:8      | Reached XP level 11. HP: 50/66 MP: 9/20
  9130 | D:8      | Reached skill level 9 in Earth Magic
  9190 | D:8      | Found Oxeud's Antique Weapon Emporium.
  9198 | D:8      | Bought a glimmering flail for 272 gold pieces
  9214 | D:8      | Found a hide-covered altar of Uskayaw.
  9711 | D:9      | Reached **** piety under Vehumet
  9837 | D:9      | Identified the +5 flail of Context {venom, +Rage} (You
                  | bought it in a shop on level 8 of the Dungeon)
 10053 | D:9      | Noticed Eustachio
 10074 | D:9      | Offered knowledge of Olgreb's Toxic Radiance by Vehumet.
 10082 | D:9      | Killed Eustachio
 10547 | D:9      | Reached skill level 1 in Shields
 10858 | D:9      | Noticed Erica
 10865 | D:9      | Killed Erica
 11054 | D:10     | Entered Level 10 of the Dungeon
 11390 | D:10     | Found a transporter.
 11392 | D:10     | Found a transporter.
 11393 | D:10     | Noticed Qborf's ghost (journeyman TrWz)
 11575 | D:10     | Found a sacrificial altar of Ru.
 11981 | D:10     | Identified the +1 dire flail of Famine {flame, rN+ MR+
                  | Stlth+}
 11981 | D:10     | Identified the +4 dire flail of Causality {vorpal, *Slow
                  | +Blink rPois Dex+6}
 11981 | D:10     | Noticed a two-headed ogre
 12038 | D:11     | Noticed a manticore
 12176 | D:10     | Killed a manticore
 12885 | D:12     | Noticed Azrael
 13265 | D:11     | Noticed a cyclops
 13297 | D:11     | Killed a cyclops
 13417 | D:11     | Found a staircase to the Lair.
 13469 | D:11     | Reached XP level 12. HP: 62/73 MP: 15/22
 13482 | D:11     | Reached ***** piety under Vehumet
 13540 | D:11     | Reached skill level 10 in Earth Magic
 13620 | D:11     | Offered knowledge of Spellforged Servitor by Vehumet.
 13638 | D:11     | Noticed a two-headed ogre
 13652 | D:11     | Killed a two-headed ogre
 13831 | D:11     | Found a staircase to the Orcish Mines.
 14385 | Lair:1   | Entered Level 1 of the Lair of Beasts
 14403 | Lair:1   | Noticed a six-headed hydra
 14412 | Lair:1   | Killed a six-headed hydra
 14736 | Lair:1   | Learned a level 7 spell: Spellforged Servitor
 14844 | Lair:1   | Got a clouded iron ring
 14845 | Lair:1   | Identified the ring of Xialaxuh {Ice *Drain Dex+4 SInv}
                  | (You found it on level 1 of the Lair of Beasts)
 15064 | Lair:1   | Reached skill level 1 in Summonings
 15180 | Lair:1   | Reached skill level 5 in Shields
 16364 | Lair:2   | Reached XP level 13. HP: 79/80 MP: 20/24
 16690 | Lair:2   | Reached skill level 11 in Earth Magic
 16756 | Lair:2   | Got a buzzing morningstar
 16757 | Lair:2   | Identified the +4 morningstar "Xoextuel" {vorpal, rPois
                  | Str+3 Dex+5} (You found it on level 2 of the Lair of
                  | Beasts)
 17367 | Lair:2   | Offered knowledge of Irradiate by Vehumet.
 17374 | Lair:2   | Learned a level 5 spell: Irradiate
 17636 | Lair:3   | Found a runed translucent door.
 17642 | Lair:3   | Noticed Coycam's ghost (journeyman DsFi)
 17676 | Lair:3   | Reached skill level 1 in Transmutations
 17742 | Lair:3   | Found a staircase to the Shoals.
 18389 | Lair:4   | Found a staircase to the Snake Pit.
 20145 | Lair:5   | Reached skill level 10 in Armour
 20594 | Lair:5   | Gained mutation: Your large and strong wings let you fly
                  | indefinitely. [Gargoyle growth]
 20594 | Lair:5   | Reached XP level 14. HP: 87/87 MP: 17/26
 21220 | Lair:6   | Entered Level 6 of the Lair of Beasts
 21248 | Lair:6   | Offered knowledge of Iron Shot by Vehumet.
 21270 | Lair:6   | Found a frozen archway.
 21277 | IceCv    | Entered an ice cave
 21401 | IceCv    | Reached skill level 10 in Fighting
 21816 | IceCv    | Noticed a frost giant
 21835 | IceCv    | Engulfed by a frost giant's freezing vapour

Illustrated notes

Levels and vault maps discovered:
D:1:      shiori_arrival_whats_in_store_for_you, layout_basic,
          minmay_misc_feat_cross
D:2:      layout_basic, overflow_temple_1_default,
          chequers_ecumenical_altar_simple, kennysheep_generic_room_13,
          uniq_sigmund
D:3:      cheibrodos_greedy_goblins, layout_basic, first_ration
D:4:      cheibrodos_pilgrimage, layout_layer_cave, grunt_qazlal_clouds,
          okawaru_ov_weapons_minmay, minmay_temple_entry_statues,
          saegor_snake_ambush
D:5:      layout_basic, zin_angel, elyvilon_altar_5
D:6:      layout_rooms, hangedman_glass_garden, kennysheep_generic_room_6,
          uniq_edmund
D:7:      minmay_the_grid_four_pointed_star
          [minmay_the_grid_triangle_9x9_shrine,
          minmay_the_grid_triangle_9x9_negative_grid,
          minmay_the_grid_triangle_9x9_zippers_horizontal,
          minmay_the_grid_triangle_9x9_windchime,
          minmay_the_grid_prize_four_corners_diamond_b], layout_rooms,
          serial_shops, shop, grunt_livestock
D:8:      layout_rooms, eat_drink_and_be_merry_uskayaw, old_standard_altar,
          serial_shops, shop, uniq_harold
D:9:      layout_basic, sword_in_stone, uniq_erica
D:10:     layout_stronghold, gammafunk_ghost_smash,
          nicolae_ru_sacrificial_ziggurat
D:11:     erik_rubicon_a, layout_basic, erik_lair_orcish_takeover, orc_0_dummy
D:12:     kennysheep_windowed_halls, layout_loops_corners, uniq_kirke,
          uniq_nergalle, uniq_sonja, uniq_azrael
Temple:   regret_index_temple_waves
Lair:1:   layout_regular_city, serial_bayou_pond_b
Lair:2:   layout_loops_ring, beast_lair_carwin_5
Lair:3:   layout_gridlike, minmay_shoals_entry_beasts,
          ebering_ghost_reflecting_pool
Lair:4:   layout_cave_pods, minmay_snake_entry_six_corridors,
          serial_bayou_pond_c, eino_house_with_fridge
Lair:5:   layout_cave_pods, lemuel_fruit_tree
Lair:6:   hangedman_lair_caniforms_friends, layout_loops_ring,
          hangedman_lair_tendril_chambers, slime_dummy, basic_altar,
          portal_ice_cave_entry_pillars_1, gauntlet_entry_generic,
          chequers_serial_rivers_micro_c, grunt_forest_large_clearing_hut,
          uniq_urug
IceCv:    ice_cave_small_giant

Skill      XL: |  1  2  3  4  5  6  7  8  9 10 11 12 13 14 |
---------------+-------------------------------------------+-----
Earth Magic    | 4 5 6 7 8 9 10 11 | 11.7
Dodging        | 2 3 4 |  4.0
Fighting       | 1 2 3 4 5 6 8 9 10 | 10.0
Armour         | 1 2 3 4 6 7 8 9 10 | 10.2
Conjurations   | 1 2 3 4 5 6 7 8 9 |  9.8
Spellcasting   | 3 4 5 6 7 8 |  8.9
Maces & Flails | 1 2 3 4 5 6 7 8 9 |  9.0
Shields        | 3 5 6 7 |  7.1
Summonings     | 2 3 4 |  4.2
Transmutations | 3 4 |  4.0
Stealth        | |  2.1

Action                   |  1- 3 |  4- 6 |  7- 9 | 10-12 | 13-15 || total
-------------------------+-------+-------+-------+-------+-------++-------
Melee: Club              |    38 |       |       |       |       ||    38
       Dagger            |    26 |   137 |       |       |       ||   163
       Mace              |       |    13 |    65 |       |       ||    78
       Whip              |       |       |    52 |       |       ||    52
       Flail             |       |       |   127 |   399 |   111 ||   637
       Great mace        |       |       |       |   107 |       ||   107
       Morningstar       |       |       |       |       |   196 ||   196
 Cast: Sandblast         |    27 |    53 |    88 |   103 |     4 ||   275
       Stone Arrow       |       |       |    27 |   152 |   179 ||   358
       Lee's Rapid Decon |       |       |       |     5 |    10 ||    15
       Iskenderun's Myst |       |       |       |       |     6 ||     6
 Abil: Fly               |       |       |       |       |     1 ||     1
  Use: Scroll            |       |     2 |     8 |    10 |     5 ||    25
       Potion            |       |       |     4 |     1 |       ||     5
 Stab: Sleeping          |     2 |     4 |     3 |     2 |       ||    11
  Eat: Chunk             |     2 |     8 |    14 |    24 |    17 ||    65
       Ration            |       |       |       |     3 |     1 ||     4
Armor: Robe              |    31 |    78 |    73 |       |       ||   182
       Leather armour    |       |       |   134 |   282 |   181 ||   597
Dodge: Dodged            |    57 |   121 |   340 |   390 |   176 ||  1084
Block: Other             |       |       |       |    56 |       ||    56
       Reflection        |       |       |       |     6 |       ||     6
       Kite shield       |       |       |       |   101 |   355 ||   456
